 Dungeon Crawl Stone Soup version 0.23-a0-449-g8e4cbf7 (webtiles) character file.

463 Ijustatesigmund the Magician (level 7, -2/50 HPs)
             Began as a Gnoll Wizard on Nov 21, 2018.
             Was a Follower of Okawaru.
             Slain by a wight
             ... wielding a +5 great sword of freezing
              (8 damage)
             ... on level 6 of the Dungeon.
             The game lasted 00:14:07 (5181 turns).

Ijustatesigmund the Magician (Gnoll Wizard)         Turns: 5181, Time: 00:14:08

Health: -2/50      AC:  4    Str: 12    XL:     7   Next: 7%
Magic:  18/18      EV: 17    Int: 23    God:    Okawaru [*.....]
Gold:   252        SH:  0    Dex: 15    Spells: 12/21 levels left

rFire    . . .     SeeInvis .   h - +1 mace
rCold    . . .     Gourm    .   (no shield)
rNeg     . . .     Faith    .   a - +0 leather armour
rPois    .         Spirit   .   b - +0 helmet
rElec    .         Reflect  .   (no cloak)
rCorr    .         Harm     .   (no gloves)
MR       .....                  (no boots)
Stlth    ++........             v - amulet of rage
HPRegen  0.16/turn              l - +3 ring of evasion
MPRegen  0.16/turn              m - +3 ring of strength

@: drained
A: distributed training, fangs 1, hooves 1, agile 1, strong nose
a: Heroism, Renounce Religion, Evoke Berserk Rage


You were on level 6 of the Dungeon.
You worshipped Okawaru.
Okawaru was aware of your devotion.
You were not hungry.

You visited 2 branches of the dungeon, and saw 7 of its levels.

You collected 252 gold pieces.

Inventory:

Hand Weapons
 h - a +1 mace (weapon)
 t - a +2 dagger of holy wrath
Missiles
 f - 13 javelins (quivered)
Armour
 a - a +0 leather armour (worn)
 b - a +0 helmet (worn)
 e - a +0 shield
Jewellery
 l - a +3 ring of evasion (left hand)
 m - a +3 ring of strength (right hand)
 v - an amulet of rage (around neck)
Wands
 j - a wand of disintegration (4)
 u - a wand of paralysis (16)
Scrolls
 g - 2 scrolls of remove curse
 q - 2 scrolls of magic mapping
Potions
 c - a potion of flight
 i - 4 potions of curing
 k - 3 potions of haste
 n - a potion of ambrosia
 o - a potion of invisibility {unknown}
 r - a potion of cancellation {unknown}
 s - a potion of brilliance {unknown}
 w - a potion of berserk rage {unknown}
 x - a potion of lignification {unknown}
Comestibles
 d - 8 rations


   Skills:
 + Level 2.2(1.5) Fighting
 + Level 2.2(1.5) Short Blades
 + Level 2.2(1.5) Long Blades
 + Level 2.2(1.5) Axes
 + Level 2.2(1.5) Maces & Flails
 + Level 2.2(1.5) Polearms
 + Level 2.2(1.5) Staves
 + Level 2.2(1.5) Slings
 + Level 2.2(1.5) Bows
 + Level 2.2(1.5) Crossbows
 + Level 2.2(1.5) Throwing
 + Level 2.2(1.5) Armour
 + Level 5.1(4.3) Dodging
 + Level 4.7(4.0) Stealth
 + Level 2.2(1.5) Shields
 + Level 2.2(1.5) Unarmed Combat
 + Level 7.5(6.7) Spellcasting
 + Level 2.8(2.1) Conjurations
 + Level 1.8(1.1) Hexes
 + Level 1.8(1.1) Charms
 + Level 2.8(2.1) Summonings
 + Level 1.8(1.1) Necromancy
 + Level 2.8(2.1) Translocations
 + Level 1.8(1.1) Transmutations
 + Level 1.8(1.1) Fire Magic
 + Level 1.8(1.1) Ice Magic
 + Level 1.8(1.1) Air Magic
 + Level 1.8(1.1) Earth Magic
 + Level 1.8(1.1) Poison Magic
 + Level 2.4(1.7) Invocations
 + Level 2.2(1.5) Evocations


You had 12 spell levels left.
You knew the following spells:

 Your Spells              Type           Power        Failure   Level  Hunger
a - Magic Dart            Conj           ###.         4%          1    None
b - Blink                 Tloc           N/A          6%          2    None
c - Mephitic Cloud        Conj/Pois/Air  ##......     17%         3    None
d - Conjure Flame         Conj/Fire      ###.....     16%         3    None

Your spell library contained the following spells:

 Spells                   Type           Power        Failure   Level  Hunger
 Call Imp                 Summ           ###.....     6%          2    None
 Slow                     Hex            ##......     10%         2    None


Dungeon Overview and Level Annotations

Branches:
Dungeon (6/15)             Temple (1/1) D:4

Altars:
Ashenzari
Cheibriados
Dithmenos
Hepliaklqana
Makhleb
Okawaru
Trog
Wu Jian
Zin


Innate Abilities, Weirdness & Mutations

Your experience applies equally to all skills.
You have very sharp teeth.
Your uncanny sense of smell can sniff out nearby items.
You have large cloven feet.
You are agile. (Dex +2)


Message History

You start resting.
You are near starving!
You start resting.
Magic restored.
You start resting.
HP restored.
You eat one of the 9 rations.
That ration really hit the spot!
(D) Dungeon (T) Temple
Where to? (Enter - D:6, ? - help)
There is a stone staircase leading down, spattered with blood here.
You climb downwards.
A wight comes into view. It is wielding a +0 short sword.
The wight hits you with a +5 great sword of freezing!
You feel drained. The wight freezes you.
The wight hits you with a cursed +3 halberd!
You feel drained. The wight closely misses you. x2
The wight hits you with a cursed +3 halberd!
* * * LOW HITPOINT WARNING * * *
The wight hits you with a +5 great sword of freezing!
You die...

∆....#.... ∆
...#...# ∆
.....###
#.....######
##...........
#............
#.##....z.......
#....zz.........
###...@†......zz
##.zz.........
#......(.....
#.....!......
#............
#...........
#.........>
##.###....?


You could see 5 wights.

Vanquished Creatures
  A sky beast (D:5)
  A crimson imp (D:5)
  An orc priest (D:4)
  3 orc wizards (D:4)
  2 worker ants (D:5)
  Robin (D:4)
  5 adders
  2 shadow imps (D:5)
  An ooze (D:2)
  An adder zombie (D:6)
  3 worms (D:2)
  A dart slug (D:1)
  2 leopard geckos
  6 orcs
  6 ball pythons
  A giant cockroach (D:2)
  18 goblins
  8 hobgoblins
  5 jackals (D:4)
  A quokka (D:6)
  6 bats
  8 frilled lizards
  A jackal skeleton (D:5)
  5 kobolds
  A leopard gecko skeleton (D:5)
  8 rats
98 creatures vanquished.

Notes
Turn   | Place    | Note
-------+----------+-------------------------------------------
     0 | D:1      | Ijustatesigmund the Gnoll Wizard began the quest for the
                  | Orb.
     0 | D:1      | Reached XP level 1. HP: 13/13 MP: 8/8
   145 | D:1      | Reached XP level 2. HP: 19/19 MP: 7/10
   149 | D:1      | Learned a level 2 spell: Blink
  1294 | D:2      | Reached XP level 3. HP: 25/25 MP: 6/11
  1304 | D:2      | Learned a level 3 spell: Mephitic Cloud
  1308 | D:2      | Learned a level 3 spell: Conjure Flame
  1544 | D:2      | Reached skill level 1 in Invocations
  1580 | D:2      | Found an ornate altar of the Wu Jian Council.
  1588 | D:2      | Reached skill level 1 in Fighting
  1588 | D:2      | Reached skill level 1 in Short Blades
  1588 | D:2      | Reached skill level 1 in Long Blades
  1588 | D:2      | Reached skill level 1 in Axes
  1588 | D:2      | Reached skill level 1 in Maces & Flails
  1588 | D:2      | Reached skill level 1 in Polearms
  1588 | D:2      | Reached skill level 1 in Staves
  1588 | D:2      | Reached skill level 1 in Slings
  1588 | D:2      | Reached skill level 1 in Bows
  1588 | D:2      | Reached skill level 1 in Crossbows
  1588 | D:2      | Reached skill level 1 in Throwing
  1588 | D:2      | Reached skill level 1 in Armour
  1588 | D:2      | Reached skill level 1 in Shields
  1588 | D:2      | Reached skill level 1 in Unarmed Combat
  1588 | D:2      | Reached skill level 1 in Evocations
  1869 | D:2      | Reached XP level 4. HP: 32/32 MP: 7/13
  2291 | D:3      | Gained mutation: You have large cloven feet. [potion of
                  | mutation]
  2291 | D:3      | Gained mutation: Your spells are a little easier to cast,
                  | but a little less powerful. [potion of mutation]
  2291 | D:3      | Gained mutation: You are agile. (Dex +2) [potion of
                  | mutation]
  2291 | D:3      | Lost mutation: Your spells are a little easier to cast, but
                  | a little less powerful. [potion of mutation]
  2583 | D:3      | Reached skill level 1 in Hexes
  2583 | D:3      | Reached skill level 1 in Charms
  2583 | D:3      | Reached skill level 1 in Necromancy
  2583 | D:3      | Reached skill level 1 in Transmutations
  2583 | D:3      | Reached skill level 1 in Fire Magic
  2583 | D:3      | Reached skill level 1 in Ice Magic
  2583 | D:3      | Reached skill level 1 in Air Magic
  2583 | D:3      | Reached skill level 1 in Earth Magic
  2583 | D:3      | Reached skill level 1 in Poison Magic
  3234 | D:4      | Reached XP level 5. HP: 37/37 MP: 3/14
  3472 | D:4      | Found a glowing silver altar of Zin.
  3494 | D:4      | Found a burning altar of Makhleb.
  3494 | D:4      | Noticed a blizzard demon
  3495 | D:4      | Found a staircase to the Ecumenical Temple.
  3498 | D:4      | Noticed a smoke demon
  3498 | D:4      | Noticed a ynoxinul
  3512 | Temple   | Entered the Ecumenical Temple
  3545 | Temple   | Became a worshipper of Warmaster Okawaru
  3745 | D:4      | Noticed Robin
  3767 | D:4      | Killed Robin
  4072 | D:4      | Reached XP level 6. HP: 44/44 MP: 12/16
  4080 | D:4      | Found a hazy altar of Hepliaklqana.
  4183 | D:5      | Entered Level 5 of the Dungeon
  4287 | D:5      | Noticed a sky beast
  4300 | D:5      | Killed a sky beast
  4300 | D:5      | Reached skill level 5 in Dodging
  4589 | D:5      | Reached * piety under Okawaru
  5003 | D:5      | Reached XP level 7. HP: 23/50 MP: 10/18
  5181 | D:6      | Slain by a wight

Vault maps used:
D:1:      minmay_arrival_stone_box, chequers_serial_rivers_room_b
D:2:      minmay_inner_zag, old_standard_altar
D:4:      kennysheep_goblin_castle, old_standard_altar,
          lemuel_coloured_pillars_altar, minmay_temple_entry_statues,
          first_ration, makhleb_altar_promises_db
D:6:      vehumet_statue, kiku_gazebo_pond_becter, minmay_divided_ellipse
Temple:   regret_index_temple_sphere_string

Skill      XL: |  1  2  3  4  5  6 |
---------------+-------------------+-----
Conjurations   | 2 |  2.8
Summonings     | 2 |  2.8
Translocations | 2 |  2.8
Invocations    | 1 2 |  2.4
Fighting       | 1 2 |  2.2
Short Blades   | 1 2 |  2.2
Long Blades    | 1 2 |  2.2
Axes           | 1 2 |  2.2
Maces & Flails | 1 2 |  2.2
Polearms       | 1 2 |  2.2
Staves         | 1 2 |  2.2
Slings         | 1 2 |  2.2
Bows           | 1 2 |  2.2
Crossbows      | 1 2 |  2.2
Throwing       | 1 2 |  2.2
Armour         | 1 2 |  2.2
Shields        | 1 2 |  2.2
Unarmed Combat | 1 2 |  2.2
Evocations     | 1 2 |  2.2
Hexes          | 1 |  1.8
Charms         | 1 |  1.8
Necromancy     | 1 |  1.8
Transmutations | 1 |  1.8
Fire Magic     | 1 |  1.8
Ice Magic      | 1 |  1.8
Air Magic      | 1 |  1.8
Earth Magic    | 1 |  1.8
Poison Magic   | 1 |  1.8
Dodging        | 5 |  5.1
Stealth        | |  4.7
Spellcasting   | |  7.5

Action                   |  1- 3 |  4- 6 |  7- 9 || total
-------------------------+-------+-------+-------++-------
Melee: Short sword       |    31 |       |       ||    31
       Bite              |     6 |     3 |       ||     9
       Unarmed           |     6 |       |       ||     6
       Mace              |       |    47 |     5 ||    52
       Kick              |       |     9 |     2 ||    11
Throw: Javelin           |       |     1 |       ||     1
 Cast: Magic Dart        |    68 |   141 |     1 ||   210
       Mephitic Cloud    |       |     7 |       ||     7
       Blink             |       |     1 |       ||     1
Invok: Heroism           |       |       |     1 ||     1
Evoke: Wand              |       |    10 |       ||    10
  Use: Scroll            |     1 |     8 |       ||     9
       Potion            |       |     2 |       ||     2
 Stab: Sleeping          |     2 |     3 |       ||     5
       Confused          |       |     3 |       ||     3
  Eat: Chunk             |     3 |     8 |       ||    11
       Ration            |       |       |     1 ||     1
Armor: Robe              |     5 |     1 |       ||     6
       Leather armour    |       |    13 |     1 ||    14
Dodge: Dodged            |    30 |    95 |     9 ||   134

Table legend:
 A = Non-vault XP
 B = Vault XP
 C = Vault XP percentage of total XP
 D = Non-vault monster count
 E = Vault monster count
 F = Vault count percentage of total count
                 A         B        C        D         E       F
            +---------+---------+-------+---------+---------+-------
      Total |     577 |      85 |  12.8 |      70 |      28 |  28.6
            +---------+---------+-------+---------+---------+-------
        D:1 |      19 |       0 |   0.0 |      12 |       0 |   0.0
        D:2 |      41 |      34 |  45.3 |      16 |       8 |  33.3
        D:3 |      43 |       0 |   0.0 |      11 |       0 |   0.0
        D:4 |     170 |      51 |  23.1 |      15 |      20 |  57.1
        D:5 |     293 |       0 |   0.0 |      13 |       0 |   0.0
        D:6 |      11 |       0 |   0.0 |       3 |       0 |   0.0
            +---------+---------+-------+---------+---------+-------
